[Event "December 19 Late 2023"]
[Site "https://www.chess.com"]
[Date "2023.12.19"]
[Round "3"]
[White "Yashmetov, Mikhail"]
[Black "Zavgorodniy, Sergiy"]
[Result "1-0"]
[Board "70"]
[TimeControl "180+1"]
[WhiteFideId "24198900"]
[BlackFideId "14110148"]
[WhiteElo "2220"]
[BlackElo "2402"]
[WhiteTeam "RUS"]
[BlackTeam "UKR"]
[WhiteClock "0:00:09"]
[BlackClock "0:00:01"]

1. d4 d5 2. Nf3 Nf6 3. g3 e6 4. Bg2 Be7 5. O-O O-O 6. c4 c6 7. Qb3 dxc4 8. Qxc4 b5 9. Qc2 Bb7 10. Rd1 Nbd7 11. Nc3 Qb6 12. e4 c5 13. d5 exd5 14. Nxd5 Nxd5 15. exd5 Bd6 16. Be3 Rac8 17. Ng5 Nf6 18. a4 a6 19. axb5 axb5 20. Qf5 Rce8 21. b4 Rxe3 22. fxe3 cxb4 23. Kh1 Qxe3 24. Re1 Qb6 25. Rac1 h6 26. Ne4 Nxe4 27. Bxe4 g6 28. Qh3 Kg7 29. Rf1 f5 30. Bf3 Re8 31. g4 Re3 32. gxf5 Bxd5 33. f6+ Kh7 34. Qd7+ Be7 35. Bxd5 Re2 36. fxe7 Rxh2+ 37. Kxh2 Qb8+ 38. Qc7 1-0

[Event "December 19 Late 2023"]
[Site "https://www.chess.com"]
[Date "2023.12.19"]
[Round "3"]
[White "Bjelobrk, Igor"]
[Black "Bellissimo, Joseph F."]
[Result "1-0"]
[Board "71"]
[TimeControl "180+1"]
[WhiteFideId "4300726"]
[BlackFideId "2609843"]
[WhiteElo "2319"]
[BlackElo "2103"]
[WhiteTeam "AUS"]
[BlackTeam "CAN"]
[WhiteClock "0:01:45"]
[BlackClock "0:00:50"]

1. d4 Nf6 2. c4 e6 3. g3 d5 4. Bg2 Bb4+ 5. Bd2 Be7 6. Nf3 O-O 7. O-O c6 8. Qc2 b6 9. Rd1 Nbd7 10. b3 Ba6 11. Bc1 Rc8 12. Bb2 c5 13. Nc3 dxc4 14. d5 exd5 15. Nxd5 cxb3 16. axb3 Bb7 17. Nxf6+ Bxf6 18. Rxa7 Qc7 19. Rxb7 Qxb7 20. Ng5 Qxg2+ 21. Kxg2 Bxg5 22. Rxd7 Rc6 23. Qf5 Bf6 24. Qd5 Re6 25. Bxf6 Rxf6 26. e4 Re8 27. f4 g6 28. e5 Rfe6 29. Rd6 Kg7 30. Rxe6 Rxe6 31. Kf3 h5 32. h3 Kf8 33. g4 hxg4+ 34. hxg4 Kg7 35. f5 gxf5 36. gxf5 Rh6 37. Kg4 Kf8 38. Qd8+ Kg7 39. f6+ Kh7 40. Qxb6 Rg6+ 41. Kf5 Rg1 42. Qxc5 Rf1+ 43. Kg5 Kg8 44. b4 Rf3 45. b5 Rb3 46. b6 Rb1 47. b7 Rb3 48. Qc8+ Kh7 49. Qc7 Rg3+ 50. Kf4 Rg1 51. Qxf7+ Kh6 52. Qg7+ Rxg7 53. fxg7 Kh7 54. b8=Q Kxg7 55. Qb6 Kf7 56. Kf5 Kg8 57. Kg6 Kf8 58. Qd8# 1-0

[Event "December 19 Late 2023"]
[Site "https://www.chess.com"]
[Date "2023.12.19"]
[Round "3"]
[White "Mazurkiewicz, Michal"]
[Black "Manolache, Marius"]
[Result "0-1"]
[Board "72"]
[TimeControl "180+1"]
[WhiteFideId "1124943"]
[BlackFideId "1201530"]
[WhiteElo "2103"]
[BlackElo "2364"]
[WhiteTeam "POL"]
[BlackTeam "ROU"]
[WhiteClock "0:00:00"]
[BlackClock "0:01:53"]

1. e4 c5 2. Nf3 e6 3. d3 Nc6 4. g3 Nf6 5. Bg2 Be7 6. O-O O-O 7. e5 Nd5 8. c4 Nb6 9. b3 d6 10. exd6 Bf6 11. d4 Nxd4 12. Nc3 Qxd6 13. Ne4 Qe7 14. Nxf6+ Qxf6 15. Ba3 Nxf3+ 16. Qxf3 Qxf3 17. Bxf3 Nd7 18. Rad1 Rb8 19. Rfe1 b6 20. b4 cxb4 21. Bxb4 Nc5 22. Rd6 Bb7 23. Bxb7 Nxb7 24. Rd7 Rfc8 25. Red1 a5 26. Ba3 h6 27. Re7 Nc5 28. f4 Rd8 29. Rxd8+ Rxd8 30. Bxc5 bxc5 31. Rc7 Rd2 32. Rxc5 Rxa2 33. Rc7 a4 34. Ra7 a3 35. c5 Rc2 36. Rxa3 Rxc5 37. Ra7 Rc2 38. Rb7 g6 39. Ra7 Kg7 40. Rb7 g5 41. fxg5 hxg5 42. Ra7 g4 43. Ra4 f5 44. Ra8 Kf6 45. Ra5 Rd2 46. Rb5 Ke7 47. Ra5 Kd6 48. Rb5 Rc2 49. Ra5 Rc5 50. Ra8 Ke5 51. Ra4 Rd5 52. Ra1 Rd4 53. Re1+ Re4 54. Ra1 Rd4 55. Re1+ Kd5 56. Ra1 e5 57. Ra5+ Ke4 58. Ra1 Rd3 59. Re1+ Re3 60. Ra1 Re2 61. Rf1 f4 62. gxf4 exf4 63. Ra1 f3 64. Ra4+ Kf5 65. Ra5+ Kf4 66. Ra4+ Kg5 67. Ra5+ Kh4 68. Ra8 Rg2+ 69. Kh1 Kg5 70. Rg8+ Kf4 71. Rf8+ Ke3 72. Re8+ Kf2 73. h4 Rg3 0-1

[Event "December 19 Late 2023"]
[Site "https://www.chess.com"]
[Date "2023.12.19"]
[Round "3"]
[White "Gutierrez Olivares, Daniel"]
[Black "Chaika, Vitalii"]
[Result "0-1"]
[Board "73"]
[TimeControl "180+1"]
[WhiteFideId "2264005"]
[BlackFideId "14111802"]
[WhiteElo "2317"]
[BlackElo "2010"]
[WhiteTeam "ESP"]
[BlackTeam "UKR"]
[WhiteClock "0:00:42"]
[BlackClock "0:01:15"]

1. Nf3 d6 2. g3 e5 3. d3 Nf6 4. Bg2 Be7 5. c4 Nbd7 6. Nc3 c6 7. Rb1 a5 8. a3 O-O 9. b4 axb4 10. axb4 d5 11. cxd5 cxd5 12. Qb3 d4 13. Nd5 Bd6 14. Bg5 h6 15. Bd2 Nxd5 16. Qxd5 Nf6 17. Qb3 Be6 18. Qd1 Nd5 19. O-O Qe7 20. b5 Rfc8 21. Qe1 Ra2 22. Rc1 Rcc2 23. Rxc2 Rxc2 24. Qb1 Qc7 25. Rc1 Rxc1+ 26. Qxc1 Qxc1+ 27. Bxc1 Nc3 28. e3 Ne2+ 29. Kf1 Nxc1 30. exd4 Nxd3 31. dxe5 Nxe5 32. Nxe5 Bxe5 33. Bxb7 Bc4+ 34. Kg2 Bxb5 0-1

[Event "December 19 Late 2023"]
[Site "https://www.chess.com"]
[Date "2023.12.19"]
[Round "3"]
[White "Dubessay, Bastien"]
[Black "Vlassov, Nikolai"]
[Result "1-0"]
[Board "74"]
[TimeControl "180+1"]
[WhiteFideId "650048"]
[BlackFideId "4103360"]
[WhiteElo "2279"]
[BlackElo "2351"]
[WhiteTeam "FRA"]
[BlackTeam "FID"]
[WhiteClock "0:01:08"]
[BlackClock "0:01:09"]

1. e4 c5 2. Nc3 g6 3. d4 cxd4 4. Qxd4 Nf6 5. Nf3 Nc6 6. Qa4 d6 7. e5 dxe5 8. Nxe5 Bd7 9. Nxd7 Qxd7 10. Be3 Bg7 11. Bb5 O-O 12. O-O Rfc8 13. Rad1 Qg4 14. Bxc6 Rxc6 15. Qxg4 Nxg4 16. Bd4 e5 17. Be3 Nxe3 18. fxe3 Rac8 19. e4 R6c7 20. Nd5 Rxc2 21. Ne7+ Kf8 22. Nxc8 Rxc8 23. Rd7 f6 24. Rxb7 Kg8 25. Rxa7 h5 26. h4 Rc4 27. Re1 Kh7 28. a4 Kh6 29. Re2 f5 30. exf5 gxf5 31. Rxg7 Kxg7 32. Rxe5 Rxa4 33. Rxf5 Rxh4 34. Rb5 Kg6 35. Rb8 Rc4 36. b4 Rc2 37. b5 Kg5 38. b6 Kh4 39. b7 Rb2 40. Kh2 Rb1 41. g3+ 1-0

[Event "December 19 Late 2023"]
[Site "https://www.chess.com"]
[Date "2023.12.19"]
[Round "3"]
[White "Ehlvest, Jaan"]
[Black "Kovacsy, Barnabas"]
[Result "0-1"]
[Board "75"]
[TimeControl "180+1"]
[WhiteFideId "4500016"]
[BlackFideId "769290"]
[WhiteElo "2452"]
[BlackElo "2130"]
[WhiteTeam "USA"]
[BlackTeam "HUN"]
[WhiteClock "0:00:42"]
[BlackClock "0:00:54"]

1. e4 c5 2. Nf3 e6 3. d4 cxd4 4. Nxd4 Nc6 5. Nc3 Qc7 6. Be3 a6 7. a3 b5 8. Nxc6 dxc6 9. Qg4 Nf6 10. Qg3 Qxg3 11. hxg3 e5 12. f3 Be6 13. a4 Rc8 14. g4 Nd7 15. g5 Bc5 16. Kf2 Ke7 17. axb5 axb5 18. Bxc5+ Nxc5 19. b4 Nd7 20. Bd3 Rc7 21. g3 f6 22. gxf6+ Nxf6 23. Nd1 h6 24. Ne3 Rd8 25. Ke2 Rdd7 26. Ra6 Ne8 27. f4 Nd6 28. Rh5 exf4 29. gxf4 Nc4 30. f5 Bf7 31. Bxc4 Bxh5+ 0-1

[Event "December 19 Late 2023"]
[Site "https://www.chess.com"]
[Date "2023.12.19"]
[Round "3"]
[White "Liu, Casper"]
[Black "Ibadov, Dashgyn"]
[Result "0-1"]
[Board "76"]
[TimeControl "180+1"]
[WhiteFideId "1454153"]
[BlackFideId "24107514"]
[WhiteElo "2221"]
[BlackElo "2183"]
[WhiteTeam "DEN"]
[BlackTeam "FID"]
[WhiteClock "0:00:00"]
[BlackClock "0:00:04"]

1. f4 d5 2. Nf3 Nf6 3. e3 c5 4. g3 Nc6 5. Bg2 g6 6. O-O Bg7 7. Nc3 O-O 8. d3 a6 9. e4 d4 10. Ne2 b5 11. h3 Bb7 12. g4 c4 13. e5 Nd7 14. Nfxd4 Nxd4 15. Bxb7 Nxe2+ 16. Qxe2 Qb6+ 17. d4 Qxb7 18. f5 Qd5 19. c3 Rfe8 20. h4 Rad8 21. h5 Bxe5 22. dxe5 Nxe5 23. Be3 gxh5 24. gxh5 Kh8 25. Bd4 Rg8+ 26. Kh2 f6 27. Bxe5 fxe5 28. Rg1 e4 29. Qf2 Qe5+ 30. Kh1 e3 31. Qf3 e2 32. Qf2 Qe4+ 33. Kh2 Rdf8 34. h6 Rxf5 35. Rxg8+ Kxg8 36. Qg3+ Kf7 37. Qg7+ Ke6 38. Qg8+ Rf7 39. Re1 Qf4+ 40. Kh3 Qf3+ 41. Kh2 Qf2+ 42. Kh3 Qxe1 43. Qg4+ Rf5 44. Qe4+ Kf6 45. Qd4+ Kg6 46. Qg4+ Kf6 47. Qd4+ Kf7 48. Qe4 Qf1+ 49. Kg4 Qf3+ 50. Qxf3 Rxf3 51. Kxf3 e1=Q 0-1

[Event "December 19 Late 2023"]
[Site "https://www.chess.com"]
[Date "2023.12.19"]
[Round "3"]
[White "Golubev, Mikhail"]
[Black "Sivakumar, Shaashwath"]
[Result "1-0"]
[Board "77"]
[TimeControl "180+1"]
[WhiteFideId "14100983"]
[BlackFideId "30912156"]
[WhiteElo "2352"]
[BlackElo "2137"]
[WhiteTeam "UKR"]
[BlackTeam "USA"]
[WhiteClock "0:00:36"]
[BlackClock "0:00:00"]

1. e4 c5 2. Nf3 d6 3. d4 cxd4 4. Nxd4 Nf6 5. Nc3 a6 6. Bc4 e6 7. O-O Nbd7 8. Bxe6 fxe6 9. Nxe6 Qb6 10. Nd5 Nxd5 11. exd5 Nc5 12. Ng5 Be7 13. Qf3 Rf8 14. Qh5+ Kd8 15. Nf7+ Kc7 16. Re1 Bf6 17. Bf4 g6 18. Qxh7 Kb8 19. Bxd6+ Ka7 20. Bxf8 Bf5 21. Bg7 Ne4 22. Re3 Bxg7 23. Qxg7 Re8 24. Rae1 1-0

[Event "December 19 Late 2023"]
[Site "https://www.chess.com"]
[Date "2023.12.19"]
[Round "3"]
[White "Melian, Juan Sebastian"]
[Black "Sroczynski, Maciej"]
[Result "1-0"]
[Board "78"]
[TimeControl "180+1"]
[WhiteFideId "3706575"]
[BlackFideId "1121472"]
[WhiteElo "2098"]
[BlackElo "2266"]
[WhiteTeam "PAR"]
[BlackTeam "POL"]
[WhiteClock "0:01:37"]
[BlackClock "0:01:56"]

1. e4 c5 2. Nf3 d6 3. Bb5+ Bd7 4. Bxd7+ Qxd7 5. c4 Nc6 6. O-O Nf6 7. Nc3 e6 8. d4 cxd4 9. Nxd4 Be7 10. Be3 O-O 11. Qe2 Rac8 12. Rac1 a6 13. Rfd1 Nxd4 14. Bxd4 Qc6 15. b3 Rfd8 16. a4 Nd7 17. Rd3 Nc5 18. Rg3 g6 19. Qh5 Nxb3 20. Qxh7+ Kxh7 21. Rh3+ Kg8 22. Rh8# 1-0

[Event "December 19 Late 2023"]
[Site "https://www.chess.com"]
[Date "2023.12.19"]
[Round "3"]
[White "Melikhov, Evgeny V."]
[Black "Principe, Gerson"]
[Result "0-1"]
[Board "79"]
[TimeControl "180+1"]
[WhiteFideId "4122046"]
[BlackFideId "3804550"]
[WhiteElo "2165"]
[BlackElo "2186"]
[WhiteTeam "GRE"]
[BlackTeam "PER"]
[WhiteClock "0:00:04"]
[BlackClock "0:01:11"]

1. d4 Nf6 2. c4 e6 3. Nc3 Bb4 4. Qc2 d5 5. cxd5 exd5 6. Bg5 Nbd7 7. e3 c5 8. dxc5 Nxc5 9. Bb5+ Bd7 10. Bxd7+ Ncxd7 11. Ne2 O-O 12. O-O Rc8 13. Qf5 Be7 14. Rfd1 Rc5 15. Nd4 Ne4 16. Bxe7 Qxe7 17. Nxd5 Qe8 18. b4 g6 0-1

[Event "December 19 Late 2023"]
[Site "https://www.chess.com"]
[Date "2023.12.19"]
[Round "3"]
[White "Omelja, Artem"]
[Black "Kazmaier, Daniel"]
[Result "0-1"]
[Board "80"]
[TimeControl "180+1"]
[WhiteFideId "14119846"]
[BlackFideId "2606089"]
[WhiteElo "2404"]
[BlackElo "2447"]
[WhiteTeam "UKR"]
[BlackTeam "CAN"]
[WhiteClock "0:02:12"]
[BlackClock "0:00:38"]

1. d4 f5 2. Nc3 Nf6 3. Bf4 e6 4. g4 fxg4 5. e4 d6 6. h3 g3 7. Bxg3 Be7 8. Nge2 O-O 9. Bg2 Nc6 10. O-O e5 11. f4 Nh5 12. Bh2 exf4 13. Nxf4 Nxf4 14. Bxf4 Bg5 15. Bxg5 Rxf1+ 16. Qxf1 Qxg5 17. Qf2 Bxh3 18. Rf1 Qxg2+ 19. Qxg2 Bxg2 20. Kxg2 Nxd4 21. Nd5 Re8 22. c3 Ne6 23. Rf5 c6 24. Ne3 Rf8 25. Ra5 a6 26. Nc4 Rd8 27. e5 dxe5 28. Rxe5 Nf4+ 29. Kf3 Ng6 30. Re6 Kf7 31. Re2 Rd5 32. b4 h5 33. Na5 Rd7 34. c4 Ne7 35. c5 Nd5 36. a3 g6 37. Nc4 Kf6 38. Nd6 Ne7 39. Ne8+ Kf7 40. Nd6+ Kg7 41. Kf4 Nf5 42. Ne8+ Kf7 43. Kg5 Re7 44. Rxe7+ Kxe7 45. Nf6 Nd4 46. Kxg6 h4 47. Ng4 Nc2 48. Kg5 Nxa3 49. Kxh4 Nc2 50. Ne3 Nxb4 51. Kg4 Nd3 52. Nc4 Nxc5 53. Kf4 b5 54. Na5 Kd6 55. Ke3 Kd5 56. Kd2 Ne4+ 57. Kc2 c5 58. Kb3 c4+ 59. Ka3 Nd6 60. Nb7 Nxb7 0-1

[Event "December 19 Late 2023"]
[Site "https://www.chess.com"]
[Date "2023.12.19"]
[Round "3"]
[White "Mokshanov, Alexey"]
[Black "Devagharan, Devina"]
[Result "1-0"]
[Board "81"]
[TimeControl "180+1"]
[WhiteFideId "24121657"]
[BlackFideId "2061600"]
[WhiteElo "2278"]
[BlackElo "2437"]
[WhiteTeam "RUS"]
[BlackTeam "USA"]
[WhiteClock "0:00:06"]
[BlackClock "0:00:06"]

1. e4 c5 2. Nf3 d6 3. c3 Nf6 4. h3 g6 5. Bd3 Bg7 6. O-O O-O 7. Bc2 e5 8. d4 Nc6 9. dxc5 dxc5 10. Bg5 Be6 11. Bxf6 Bxf6 12. Qe2 Qc7 13. Bb3 Bxb3 14. axb3 Rfd8 15. Na3 a6 16. Nc4 Ne7 17. Ne3 Qc6 18. Ng4 Bg7 19. Ngxe5 Qe6 20. Nd3 Qxb3 21. Nxc5 Qb6 22. Nd3 Rac8 23. Rfd1 Nc6 24. Nf4 Ne5 25. Nd5 Qe6 26. Nxe5 Bxe5 27. Rd3 Kg7 28. Rad1 Rd7 29. f4 Bc7 30. Qe3 Rxd5 31. Rxd5 Bb6 32. R5d4 Bxd4 33. Qxd4+ Kg8 34. Kh1 Re8 35. e5 Qf5 36. Qd7 Qxd7 37. Rxd7 Rb8 38. Kg1 b5 39. Kf2 b4 40. Ke3 bxc3 41. bxc3 Rb3 42. Rc7 a5 43. g4 a4 44. Kd4 Ra3 45. Ra7 Ra1 46. f5 gxf5 47. gxf5 Kg7 48. e6 a3 49. Rxf7+ Kg8 50. Ra7 a2 51. Kc4 Rf1 52. Rxa2 Rxf5 53. Ra8+ Kg7 54. e7 Rf4+ 55. Kb3 Re4 56. e8=Q 1-0

[Event "December 19 Late 2023"]
[Site "https://www.chess.com"]
[Date "2023.12.19"]
[Round "3"]
[White "Federzoni, Enzo"]
[Black "Ezat, Mohamed"]
[Result "1-0"]
[Board "82"]
[TimeControl "180+1"]
[WhiteFideId "2173301"]
[BlackFideId "10600906"]
[WhiteElo "2053"]
[BlackElo "2367"]
[WhiteTeam "BRA"]
[BlackTeam "EGY"]
[WhiteClock "0:01:12"]
[BlackClock "0:00:34"]

1. d4 Nf6 2. Nc3 d5 3. Bf4 c5 4. e3 cxd4 5. exd4 a6 6. Bd3 Nc6 7. Nge2 Bg4 8. a3 Nxd4 9. f3 Nxe2 10. Qxe2 Bh5 11. g4 Bg6 12. O-O-O e6 13. h4 Bxd3 14. Rxd3 Bd6 15. Bxd6 Qxd6 16. g5 Nh5 17. Nxd5 O-O-O 18. Rc3+ Kb8 19. Nb4 Ng3 20. Qe3 Nxh1 21. Nc6+ Kc7 22. Nxd8+ Kb8 23. Nxf7 Qg3 24. Nxh8 Nf2 25. Kb1 Nd1 26. Qd3 Nxc3+ 27. Qxc3 Qxh4 28. Nf7 e5 29. Qxe5+ Ka8 30. Qe8+ Ka7 31. Qe3+ Ka8 32. Nd6 Qa4 33. Qe8+ Qxe8 34. Nxe8 h5 35. gxh6 gxh6 36. Ng7 Kb8 37. Kc1 Kc7 38. Kd2 Kd6 39. Ke3 Ke5 40. Nh5 Kf5 41. Ng3+ Kg5 42. Ne4+ Kf5 43. Nc5 h5 44. Nxb7 h4 45. Kf2 h3 46. Kg3 Ke5 47. Kxh3 Kf4 48. Kg2 Ke3 49. Kg3 Kd2 50. f4 Kxc2 51. f5 Kxb2 52. f6 Kxa3 53. f7 a5 54. f8=Q+ Kb3 55. Nxa5+ Ka4 56. Nb7 Kb5 57. Qc5+ Ka6 58. Qa5+ Kxb7 59. Kf4 Kc6 60. Ke5 Kb7 61. Qb5+ 1-0

[Event "December 19 Late 2023"]
[Site "https://www.chess.com"]
[Date "2023.12.19"]
[Round "3"]
[White "Lizak, Peter"]
[Black "Xie, Bryan"]
[Result "1/2-1/2"]
[Board "83"]
[TimeControl "180+1"]
[WhiteFideId "731595"]
[BlackFideId "30941296"]
[WhiteElo "2420"]
[BlackElo "2033"]
[WhiteTeam "HUN"]
[BlackTeam "USA"]
[WhiteClock "0:00:41"]
[BlackClock "0:01:05"]

1. d4 Nf6 2. Nc3 d5 3. Bf4 c5 4. e3 Nc6 5. dxc5 e6 6. Na4 Ne4 7. c3 Nxc5 8. Nxc5 Bxc5 9. Nf3 O-O 10. Be2 Bd6 11. Bxd6 Qxd6 12. O-O Rd8 13. Rc1 b6 14. c4 Bb7 15. cxd5 Qxd5 16. Qxd5 Rxd5 17. Bc4 Rd6 18. Rfd1 Rad8 19. Rxd6 Rxd6 20. Kf1 Kf8 21. Ke2 Ke7 22. a3 Na5 23. Bd3 Nb3 24. Rc3 Nc5 25. Bc2 Ba6+ 26. Ke1 f6 27. b4 Nd3+ 28. Bxd3 Rxd3 29. Rxd3 Bxd3 30. Kd2 Be4 31. Ne1 Kd6 32. f3 Bg6 33. Kc3 e5 34. Kc4 Kc6 35. b5+ Kd6 36. e4 Bf7+ 37. Kb4 h5 38. Nc2 h4 39. Ne3 Be6 40. a4 Kc7 41. Nf5 g5 42. Ne3 Kd6 43. Ng4 Bxg4 44. fxg4 Ke6 45. Kc4 Kd6 46. Kb4 Ke6 47. Kc4 Kd6 48. Kb4 1/2-1/2

[Event "December 19 Late 2023"]
[Site "https://www.chess.com"]
[Date "2023.12.19"]
[Round "3"]
[White "Lopusiewicz, Piotr"]
[Black "Kokoszczynski, Jan"]
[Result "1-0"]
[Board "84"]
[TimeControl "180+1"]
[WhiteFideId "1116029"]
[BlackFideId "1174460"]
[WhiteElo "2286"]
[BlackElo "2266"]
[WhiteTeam "POL"]
[BlackTeam "POL"]
[WhiteClock "0:00:18"]
[BlackClock "0:00:00"]

1. d4 Nf6 2. c4 g6 3. Nc3 Bg7 4. e4 d6 5. Nf3 O-O 6. Be2 Bg4 7. Be3 Nc6 8. d5 Bxf3 9. gxf3 Ne5 10. f4 Ned7 11. h4 c6 12. h5 cxd5 13. exd5 Qa5 14. Qd2 Nc5 15. Rb1 Qb4 16. f5 a5 17. fxg6 Nfe4 18. gxh7+ Kh8 19. Nxe4 Nxe4 20. Qxb4 axb4 21. h6 Bf6 22. Bf3 Nc5 23. Rg1 Rxa2 24. Bh5 Kxh7 25. Bg4 Rxb2 26. Bf5+ Kh8 27. Rxb2 Bxb2 28. Ke2 Bf6 29. Rb1 b3 30. Bxc5 dxc5 31. Rxb3 Bg5 32. h7 e6 33. Be4 f5 34. Bd3 e5 35. Rxb7 e4 36. Bc2 Ra8 37. d6 Bf6 38. d7 Bd8 39. f3 Ra2 40. Rb8 Kxh7 41. Rxd8 Rxc2+ 42. Kd1 Rxc4 43. Rh8+ Kxh8 44. d8=Q+ Kg7 45. Qg5+ Kh8 46. Qf6+ Kh7 47. Qxf5+ Kh8 48. fxe4 Rd4+ 49. Ke2 Rd8 50. Qxc5 Rg8 51. e5 Kg7 52. Qe7+ Kg6 53. Qf6+ Kh7 54. e6 Rg7 55. e7 Rg8 56. Qf7+ Kh6 57. Qxg8 1-0

[Event "December 19 Late 2023"]
[Site "https://www.chess.com"]
[Date "2023.12.19"]
[Round "3"]
[White "Srinath, Rao S.V."]
[Black "Ozen, Metehan"]
[Result "1/2-1/2"]
[Board "85"]
[TimeControl "180+1"]
[WhiteFideId "5028876"]
[BlackFideId "34596054"]
[WhiteElo "2198"]
[BlackElo "1710"]
[WhiteTeam "IND"]
[BlackTeam "TUR"]
[WhiteClock "0:00:08"]
[BlackClock "0:00:04"]

1. d4 Nf6 2. Nf3 e6 3. g3 b5 4. Bg2 Bb7 5. O-O Be7 6. a4 b4 7. c4 bxc3 8. Nxc3 O-O 9. Qc2 c5 10. dxc5 Bxc5 11. Bg5 Be7 12. Rfd1 d5 13. e4 Qc7 14. e5 Ne4 15. Bxe7 Qxe7 16. Nxe4 dxe4 17. Nd4 Rc8 18. Qe2 Nc6 19. Nxc6 Bxc6 20. Bxe4 Bxe4 21. Qxe4 Rab8 22. Rd2 Rb4 23. Qe3 h6 24. a5 Rcb8 25. Rad1 Rxb2 26. Rd7 Qe8 27. Rxa7 Rb1 28. Qd3 Rxd1+ 29. Qxd1 Qb5 30. Qf3 Rf8 31. Qe4 Rd8 32. Kg2 g6 33. Qf4 Rf8 34. a6 Qb6 35. Re7 Qxa6 36. Qxh6 Qc6+ 37. f3 Qc2+ 38. Kh3 Qf5+ 39. Kg2 Qxe5 40. Qd2 Qb5 41. Rd7 Qh5 42. h4 Qf5 43. g4 Qb5 44. Kg3 Qe5+ 45. f4 Qc5 46. Rd4 Rb8 47. Rd8+ Rxd8 48. Qxd8+ Kg7 49. Qd3 Qg1+ 50. Kf3 Qh1+ 51. Kg3 Qg1+ 52. Kf3 Qh1+ 53. Kg3 Qg1+ 1/2-1/2

[Event "December 19 Late 2023"]
[Site "https://www.chess.com"]
[Date "2023.12.19"]
[Round "3"]
[White "Domingo Nunez, Alejandro"]
[Black "Figorito, Nick"]
[Result "1-0"]
[Board "86"]
[TimeControl "180+1"]
[WhiteFideId "22245561"]
[BlackFideId "30923689"]
[WhiteElo "2252"]
[BlackElo "2426"]
[WhiteTeam "ESP"]
[BlackTeam "USA"]
[WhiteClock "0:00:48"]
[BlackClock "0:00:22"]

1. e4 e6 2. Nf3 d5 3. Nc3 Nf6 4. e5 Nfd7 5. d4 c5 6. dxc5 Bxc5 7. Bd3 Nc6 8. Bf4 Qb6 9. O-O Qxb2 10. Nb5 O-O 11. Bd2 Bb4 12. Rb1 Qxa2 13. Bxb4 Nxb4 14. Rxb4 a6 15. Nd6 Qa5 16. Rh4 h6 17. Qc1 d4 18. Rxh6 Nxe5 19. Nxe5 Qxe5 20. Bh7+ Kh8 21. Bg6+ Kg8 22. Bxf7+ Rxf7 23. Rh8+ Kxh8 24. Nxf7+ 1-0

[Event "December 19 Late 2023"]
[Site "https://www.chess.com"]
[Date "2023.12.19"]
[Round "3"]
[White "Ozates, Tuna"]
[Black "Balla, Tamas-Kristof"]
[Result "1-0"]
[Board "87"]
[TimeControl "180+1"]
[WhiteFideId "6354521"]
[BlackFideId "1208497"]
[WhiteElo "2151"]
[BlackElo "2306"]
[WhiteTeam "TUR"]
[BlackTeam "ROU"]
[WhiteClock "0:01:27"]
[BlackClock "0:00:47"]

1. e4 c5 2. Nc3 Nc6 3. Bb5 Nd4 4. Nf3 Nf6 5. e5 Nxb5 6. Nxb5 Nd5 7. Ng5 f6 8. Qh5+ g6 9. exf6 Nxf6 10. Qe2 e6 11. b4 a6 12. Na3 cxb4 13. Nc4 Be7 14. h4 O-O 15. Bb2 d5 16. Ne5 Bd7 17. h5 Nxh5 18. Nxh7 Nf4 19. Qg4 Rf5 20. Nxg6 Bg5 21. Nxf4 1-0

[Event "December 19 Late 2023"]
[Site "https://www.chess.com"]
[Date "2023.12.19"]
[Round "3"]
[White "Spichkin, Alexander"]
[Black "Hajiyev, Kanan"]
[Result "0-1"]
[Board "88"]
[TimeControl "180+1"]
[WhiteFideId "4144074"]
[BlackFideId "13404148"]
[WhiteElo "1955"]
[BlackElo "2102"]
[WhiteTeam "RUS"]
[BlackTeam "AZE"]
[WhiteClock "0:01:56"]
[BlackClock "0:01:52"]

1. f4 b6 2. Nf3 Bb7 3. e3 g6 4. d3 Bg7 5. Be2 e6 6. O-O Ne7 7. Nc3 c5 8. Qe1 Nbc6 9. e4 a6 10. Qg3 Nd4 11. Bd1 d5 12. f5 exf5 13. Bg5 h6 14. Bf4 dxe4 15. Bc7 Qd7 16. dxe4 fxe4 17. Ne1 Nef5 18. Qf4 Ne6 19. Qc1 Qxc7 20. Bg4 Ned4 21. Nd1 h5 22. Bh3 Ne2+ 0-1

[Event "December 19 Late 2023"]
[Site "https://www.chess.com"]
[Date "2023.12.19"]
[Round "3"]
[White "Ambartsumova, Karina"]
[Black "Mizzi, Jack"]
[Result "1-0"]
[Board "89"]
[TimeControl "180+1"]
[WhiteFideId "4166299"]
[BlackFideId "5602521"]
[WhiteElo "2240"]
[BlackElo "2127"]
[WhiteTeam "RUS"]
[BlackTeam "MLT"]
[WhiteClock "0:00:16"]
[BlackClock "0:00:11"]

1. d4 Nf6 2. c4 e6 3. Nc3 Bb4 4. a3 Bxc3+ 5. bxc3 O-O 6. e3 b6 7. Bd3 Bb7 8. f3 d6 9. Ne2 Nbd7 10. O-O c5 11. e4 Rc8 12. Bg5 h6 13. Bh4 Qc7 14. a4 Ba6 15. d5 exd5 16. cxd5 Bxd3 17. Qxd3 c4 18. Qd2 Rfe8 19. Nd4 Nh7 20. Nf5 Ne5 21. Bf2 Qd8 22. Bd4 Nf6 23. Rae1 Kh7 24. h3 Nd3 25. Re2 Nh5 26. Bxg7 Nhf4 27. Bxh6 Nxe2+ 28. Qxe2 Qf6 29. Bg7 Qxf5 30. Qd2 Qg6 31. Bd4 f5 32. exf5 Qxf5 33. Kh1 Qf4 34. Qa2 Rg8 35. a5 b5 36. Bxa7 Qg3 37. Be3 Nf4 38. Bxf4 Qxf4 39. a6 Ra8 40. Re1 Qg3 41. Qc2+ Qg6 42. Qa2 Rge8 43. Rb1 Reb8 44. Re1 Qf7 45. Qf2 Rxa6 46. Qh4+ Kg8 47. Re7 Qg6 48. Qe1 Rba8 49. Re6 Ra1 50. Rxg6+ Kf7 51. Re6 Rxe1+ 52. Rxe1 Ra3 53. Rc1 Kf6 54. h4 Ke5 55. h5 Kxd5 56. h6 Ra8 57. g4 Ke5 58. Kg2 Kf4 59. Re1 Ra2+ 60. Kh3 Ra7 61. Re6 d5 62. Rf6+ Kg5 63. Rb6 Rc7 64. Rxb5 Kxh6 65. Rxd5 Kg6 66. Kg3 Kf6 67. f4 Ke6 68. Rd4 Kf6 69. g5+ Kf5 70. Rd5+ Ke4 71. Rd4+ Kf5 72. Kf3 Ra7 73. Rd5+ Ke6 74. Rc5 Ra1 75. Rxc4 Kf5 76. Rc5+ Kg6 77. Ke4 Re1+ 78. Kd5 Kf5 79. Rc4 Rd1+ 80. Rd4 Rc1 81. c4 Ra1 82. c5 Re1 83. c6 Rc1 84. Rc4 Rd1+ 85. Kc5 Ke6 86. Kb6 Rb1+ 87. Kc7 Kd5 88. Rc2 Re1 89. Kd7 Rh1 90. c7 Rh7+ 91. Kc8 Kd6 92. Kb7 Rf7 93. Kb8 Rf8+ 94. c8=Q Rxc8+ 95. Kxc8 Ke6 96. Kc7 Kf5 97. Rc4 Kg6 98. Kd6 Kf5 99. Ke7 Kg6 100. Ke6 Kg7 101. Kf5 Kf7 102. Rc7+ Ke8 103. Kf6 Kd8 104. Rh7 Ke8 105. Rg7 Kf8 106. Ra7 Kg8 107. f5 Kf8 108. Ra8# 1-0

[Event "December 19 Late 2023"]
[Site "https://www.chess.com"]
[Date "2023.12.19"]
[Round "3"]
[White "Deng, Henry"]
[Black "Atanejhad, Sahebali"]
[Result "0-1"]
[Board "90"]
[TimeControl "180+1"]
[WhiteFideId "30965454"]
[BlackFideId "12506664"]
[WhiteElo "2589"]
[BlackElo "1957"]
[WhiteTeam "USA"]
[BlackTeam "IRI"]
[WhiteClock "0:00:10"]
[BlackClock "0:00:10"]

1. e4 c5 2. Nc3 g6 3. d4 cxd4 4. Qxd4 Nf6 5. Nf3 Nc6 6. Qa4 d6 7. e5 dxe5 8. Nxe5 Bd7 9. Nxd7 Qxd7 10. Be3 Bg7 11. Rd1 Qg4 12. h3 Qxa4 13. Nxa4 O-O 14. g3 Nb4 15. c3 Nc2+ 16. Kd2 Nxe3 17. Kxe3 Rad8 18. Bg2 b6 19. c4 Bh6+ 20. Ke2 e6 21. Nc3 Bg7 22. Nb5 a5 23. b3 Nd7 24. Rd6 Be5 25. Rc6 Rb8 26. Rd1 Nc5 27. f4 Bf6 28. Rdd6 Bd8 29. Rd2 Bf6 30. Rd1 Rfc8 31. Na7 Rxc6 32. Nxc6 Re8 33. g4 g5 34. fxg5 Bxg5 35. Nd4 Rd8 36. Nb5 Rxd1 37. Kxd1 Kg7 38. Ke2 Kf6 39. Nd6 Bf4 40. Nc8 Bc7 41. Na7 Ke5 42. Nb5 Bd8 43. Kf3 f5 44. gxf5 exf5 45. Bf1 Ne4 46. Bd3 h5 47. Bc2 Bh4 48. Bd3 Ng5+ 49. Kg2 f4 50. Be2 Ne4 51. Bxh5 Nc5 52. Bf3 Nd3 53. Kf1 Ne1 54. Ke2 Nc2 55. Bh1 Nb4 56. a3 Nc2 57. a4 Na1 58. Nc3 Nxb3 59. Nd5 Bd8 60. h4 Nd4+ 61. Kf1 Nf5 62. h5 Ng3+ 63. Kg2 Nxh5 64. Kf3 Ng7 65. Nxf4 Nf5 66. Nd5 Kd4 67. Kf4 Nd6 68. Ne3 Bg5+ 69. Kxg5 Kxe3 70. Bc6 Nxc4 71. Kf6 Kd4 72. Ke6 Kc5 73. Bb5 Nb2 74. Kd7 Kb4 75. Kc7 Nxa4 76. Kc6 Nc3 77. Bd3 b5 78. Kd6 a4 79. Ke5 a3 80. Kd4 a2 81. Bxb5 a1=Q 82. Bd3 Qb2 83. Ke3 Qc1+ 84. Kd4 Qd2 85. Ke5 Nb5 86. Ke6 Qxd3 87. Ke7 Qc4 88. Kf6 Qc5 89. Kg6 Qd5 90. Kg7 Qf5 91. Kh8 Qg4 92. Kh7 Nd6 93. Kh8 Nf5 94. Kh7 Qg7# 0-1